 Dungeon Crawl Stone Soup version 0.28.0-53-g5a82cb258f (webtiles) character file.

Game seed: 2834012911910725673

51 Descartes the Digger (level 3, 0/20 HPs)
             Began as a Deep Elf Wanderer on July 17, 2022.
             Succumbed to an adder's poison
             ... on level 3 of the Dungeon.
             The game lasted 00:03:12 (1898 turns).

Descartes the Digger (Deep Elf Wanderer)            Turns: 1898, Time: 00:03:12

Health: 0/20       AC:  7    Str: 12    XL:     3   Next: 58%
Magic:  6/8        EV:  9    Int: 15    God:
Gold:   95         SH:  0    Dex: 14    Spells: 5/6 levels left

rFire   . . .      SeeInvis .   a - +0 shortbow
rCold   . . .      Faith    .   (shield currently unavailable)
rNeg    . . .      Spirit   .   c - +0 scale mail
rPois   .          Reflect  .   m - +0 helmet
rElec   .          Harm     .   o - scarf {+Inv}
rCorr   .          Rampage  .   (no gloves)
Will    .....                   (no boots)
Stlth   +.........              (no amulet)
HPRegen 0.06/turn               (no ring)
MPRegen 0.11/turn               (no ring)

@: lethally poisoned (0 -> -5), very slightly contaminated
A: no striking features
a: Evoke Invisibility


You were on level 3 of the Dungeon.
You visited 1 branch of the dungeon, and saw 3 of its levels.

You collected 95 gold pieces.

Inventory:

Hand Weapons
 a - a +0 shortbow (weapon)
 b - a +0 dagger
Missiles
 d - 129 stones
 g - 79 arrows (quivered ammo)
 i - 19 bolts
 j - 5 javelins
 k - 23 sling bullets
Armour
 c - a +0 scale mail (worn)
 m - a +0 helmet (worn)
 o - a scarf of invisibility (worn)
Scrolls
 e - 2 scrolls of identify {unknown}
 f - a scroll of fog {unknown}
 h - a scroll of silence {unknown}
 l - a scroll of vulnerability {unknown}
Potions
 n - a potion of berserk rage {unknown}


   Skills:
 - Level 1.0 Fighting
 + Level 1.9 Bows
 + Level 2.6 Armour
 + Level 1.9 Dodging
 + Level 2.0 Stealth
 + Level 2.3 Spellcasting
 * Level 3.1 Earth Magic


You had 5 spell levels left.
You knew the following spells:

 Your Spells              Type           Power      Damage    Failure   Level
a - Sandblast             Erth           22%        2d7       28%         1

Your spell library contained the following spells:

 Spells                   Type           Power      Damage    Failure   Level
 Passwall                 Tmut/Erth      5%         N/A       65%         2
 Leda's Liquefaction      Hex/Erth       3%         N/A       99%         4


Dungeon Overview and Level Annotations

Branches:
Dungeon (3/15)

Altars:


Message History

The adder bites you. The centaur skeleton hits you.
The centaur skeleton kicks you but does no damage.
The adder bites you but does no damage. The centaur skeleton barely misses you.
The centaur skeleton kicks you but does no damage.
You shoot an arrow. The arrow hits the centaur skeleton.
The centaur skeleton is severely damaged.
The adder bites you.
The centaur skeleton hits you but does no damage.
The centaur skeleton closely misses you.
You shoot an arrow. The arrow hits the centaur skeleton.
The centaur skeleton is almost destroyed.
The adder bites you but does no damage.
The centaur skeleton closely misses you.
The centaur skeleton kicks you but does no damage.
The adder barely misses you.
The centaur skeleton hits you but does no damage.
The centaur skeleton kicks you.
Casting: Sandblast (safe; 28% risk of failure)
Confirm with . or Enter, or press ? or * to list all spells.
Aiming: Sandblast (safe; 28% risk of failure)
Press: ? - help, Shift-Dir - straight line, f/p - centaur skeleton
Aim: a centaur skeleton (almost destroyed, 100% to hit)
You miscast Sandblast.
You are very lightly contaminated with residual magic.
Nothing appears to happen.
The adder barely misses you. The centaur skeleton hits you.
The centaur skeleton barely misses you.
Casting: Sandblast (safe; 28% risk of failure)
Confirm with . or Enter, or press ? or * to list all spells.
Aiming: Sandblast (safe; 28% risk of failure)
Press: ? - help, Shift-Dir - straight line, f/p - centaur skeleton
Aim: a centaur skeleton (almost destroyed, 100% to hit)
You miscast Sandblast.
Nothing appears to happen.
The adder bites you.
* * * LOW HITPOINT WARNING * * *
You are lethally poisoned!
The adder poisons you! The centaur skeleton hits you.
* * * LOW HITPOINT WARNING * * *
The centaur skeleton kicks you but does no damage.
The adder bites you.
* * * LOW HITPOINT WARNING * * *
You die...

#...# #.....'.......'...
##### #.....#.......####
#.....#.......#
#.....#.......####
#.....#...........
#######.....########.###
............# #.#..
........)...# #.#.#
.......@##### #...#
........# #####
......ZS# #. .......(#
####. #######(. .....
##. ##### .. .. .(.


You could see an adder and a centaur skeleton.

Vanquished Creatures
  A worm (D:2)
  2 dart slugs (D:1)
  4 orcs (D:3)
  4 ball pythons
  3 endoplasms (D:1)
  3 giant cockroaches
  4 goblins
  A hobgoblin (D:3)
  2 jackals (D:1)
  A quokka (D:1)
  3 bats
  8 frilled lizards
  2 kobolds (D:1)
  A rat (D:2)
39 creatures vanquished.

Notes
Turn   | Place    | Note
-------+----------+-------------------------------------------
     0 | D:1      | Descartes the Deep Elf Wanderer began the quest for the
                  | Orb.
     0 | D:1      | Descartes set off with the following items: a +0 shortbow,
                  | 22 arrows, a +0 scale mail, 33 stones; and the following
                  | spell memorised: Sandblast; and the following spells
                  | available to memorise: Passwall, Leda's Liquefaction
     0 | D:1      | Reached XP level 1. HP: 12/12 MP: 5/5
   118 | D:1      | Reached XP level 2. HP: 16/16 MP: 6/6
   844 | D:1      | Reached skill level 3 in Earth Magic
  1064 | D:2      | Reached XP level 3. HP: 20/20 MP: 8/8
  1467 | D:3      | Found a faded altar of an unknown god.
  1898 | D:3      | Succumbed to an adder's poison

Illustrated notes

Levels and vault maps discovered:
D:1:      dpeg_arrival_shrine, layout_loops_ring
D:2:      layout_rooms
D:3:      layout_basic, tso_oasis_becter, ebering_ecumenical_altar_abandoned,
          kennysheep_decorative_pillar

Skill      XL: |  1  2  3 |
---------------+----------+-----
Spellcasting   | 2 |  2.3
Earth Magic    | 3 |  3.1
Stealth        | 2 |  2.0
Fighting       | |  1.0
Bows           | |  1.9
Armour         | |  2.6
Dodging        | |  1.9

Action                   || total
-------------------------++-------
 Fire: Shortbow          ||   132
Armor: Scale mail        ||    39
Dodge: Dodged            ||    27
